[Event "Titled Tuesday Blitz February 14 Early 2023"]
[White "Hakobyan, Aram"]
[Black "Matinian, Nikita"]
[WhiteFideId "13306677"]
[BlackFideId "24129100"]
[WhiteElo "2608"]
[BlackElo "2407"]
[Result "1-0"]
[Round "05"]
[TimeControl "180+2"]
[Date "2023.02.15"]
[WhiteClock "0:00:09"]
[BlackClock "0:00:02"]

1. e4 e5 2. Nf3 Nc6 3. Bc4 Be7 4. Nc3 Nf6 5. d3 O-O 6. h3 d6 7. a4 Be6 8. Bxe6 fxe6 9. O-O Qe8 10. Ne2 Nh5 11. Ng3 Nf4 12. c3 g5 13. b4 Qg6 14. d4 exd4 15. b5 Ne5 16. Nxd4 Rf7 17. f3 h5 18. Ra2 Raf8 19. Nge2 Rg7 20. Nxf4 gxf4 21. Qb3 Rf6 22. Nf5 Rxf5 23. exf5 Qxf5 24. Kh1 d5 25. Re2 Nc4 26. Qc2 Qxc2 27. Rxc2 e5 28. Re2 Kf7 29. Rfe1 Bd6 30. Rd1 c6 31. Bd2 Ke6 32. Bxf4 Kf5 33. Bc1 h4 34. Be3 a6 35. Bf2 Rh7 36. Rb1 axb5 37. axb5 Na3 38. Rd1 Nxb5 39. Be1 Bc5 40. Rb1 Nd6 41. Rd1 Nc4 42. Bf2 Bxf2 43. Rxf2 b5 44. Re2 Rg7 45. Ra1 c5 46. Ra6 Rb7 47. Ra1 b4 48. cxb4 Rxb4 49. Rd1 Ke6 50. g4 hxg3 51. Kg2 Nd6 52. Rde1 Nf7 53. h4 d4 54. Kxg3 Rb3 55. h5 c4 56. Rh2 Rb8 57. h6 Rg8+ 58. Kf2 Rh8 59. h7 c3 60. Rh5 c2 61. Ke2 Nd6 62. Kd2 Nf5 63. Kxc2 Ne3+ 64. Kd3 Kf6 65. Ke4 Ng2 66. Reh1 Nf4 67. Rh6+ Ng6 68. Rg1 1-0


[Site "https://www.chess.com"]

[Event "Titled Tuesday Blitz February 14 Early 2023"]
[White "Narayanan.S.L"]
[Black "Dragnev, Valentin"]
[WhiteFideId "5058422"]
[BlackFideId "1634852"]
[WhiteElo "2660"]
[BlackElo "2593"]
[Result "0-1"]
[Round "05"]
[TimeControl "180+2"]
[Date "2023.02.15"]
[WhiteClock "0:00:20"]
[BlackClock "0:00:07"]

1. c4 Nf6 2. Nc3 e5 3. Nf3 Nc6 4. e3 Bb4 5. Qc2 Bxc3 6. bxc3 O-O 7. e4 d6 8. g3 Bg4 9. Bg2 Nd7 10. Nh4 Nc5 11. d3 a6 12. a4 Qd7 13. O-O Bh3 14. Be3 Bxg2 15. Kxg2 Ne7 16. a5 f5 17. Bxc5 dxc5 18. Nxf5 Nxf5 19. exf5 Rxf5 20. Qe2 Qc6+ 21. f3 Rd8 22. g4 Rf7 23. h3 Rfd7 24. Rfd1 Qf6 25. Qe4 h6 26. Ra2 Qf4 27. Qe2 Kh8 28. Rad2 Rd6 29. Re1 b6 30. axb6 cxb6 31. Qe3 a5 32. Qxf4 exf4 33. Red1 Re8 34. Kf2 Re3 35. h4 a4 36. h5 Kg8 37. Kg2 Kf7 38. Kf2 Kf6 39. Ra2 Rdxd3 40. Rxd3 Rxd3 41. Rxa4 Rxc3 42. Ra6 Rb3 43. Ra7 Rb2+ 44. Ke1 g6 45. Rh7 gxh5 46. Rxh6+ Ke5 47. Rxh5+ Kd4 48. g5 Ke3 49. Kd1 Kxf3 50. Rh6 Ke3 51. Re6+ Kd3 52. Ke1 Kxc4 53. g6 Rg2 54. Rxb6 Kd4 55. Kf1 f3 56. Rf6 c4 57. Rf4+ Kc5 58. Rxf3 Rxg6 59. Ke2 Rd6 60. Rf8 Kb4 61. Rb8+ Kc3 62. Rc8 Kb3 63. Rb8+ Kc2 64. Rc8 c3 65. Rc7 Kb2 66. Rb7+ Kc1 67. Rb6 Rxb6 0-1


[Site "https://www.chess.com"]

[Event "Titled Tuesday Blitz February 14 Early 2023"]
[White "Lazavik, Denis"]
[Black "Md, Imran"]
[WhiteFideId "13515110"]
[BlackFideId "25748580"]
[WhiteElo "2544"]
[BlackElo "2284"]
[Result "1-0"]
[Round "05"]
[TimeControl "180+2"]
[Date "2023.02.15"]
[WhiteClock "0:00:05"]
[BlackClock "0:00:42"]

1. d4 Nf6 2. c4 e6 3. Nf3 d5 4. g3 dxc4 5. Bg2 Bd7 6. Ne5 Bc6 7. Nxc6 Nxc6 8. O-O Qd7 9. e3 a6 10. Qc2 Nd5 11. Qxc4 Be7 12. Nc3 Nb6 13. Qe2 O-O 14. Rd1 Rfd8 15. Bd2 Bb4 16. Ne4 Bxd2 17. Rxd2 Qe8 18. Nc5 Rab8 19. Rc1 Nd5 20. a3 Na7 21. e4 Nb6 22. f4 Nb5 23. Qf2 c6 24. e5 Nd5 25. g4 Qe7 26. Kh1 Rf8 27. f5 Nbc7 28. Re1 b6 29. Ne4 f6 30. exf6 Nxf6 31. Qg3 Nxe4 32. Rxe4 Rbe8 33. Re1 Qd7 34. fxe6 Nxe6 35. d5 Nc5 36. Rxe8 Rxe8 37. d6 Nb3 38. Qxb3+ Kh8 39. Qd1 Re5 40. Re2 Qxg4 41. Qf1 1-0


[Site "https://www.chess.com"]

[Event "Titled Tuesday Blitz February 14 Early 2023"]
[White "Vaibhav Jayant Raut"]
[Black "Makhnev, Denis"]
[WhiteFideId "5089034"]
[BlackFideId "13707647"]
[WhiteElo "2237"]
[BlackElo "2483"]
[Result "0-1"]
[Round "05"]
[TimeControl "180+2"]
[Date "2023.02.15"]
[WhiteClock "0:02:04"]
[BlackClock "0:02:05"]

1. d4 d5 2. Bf4 Nf6 3. c3 e6 4. e3 Bd6 5. Bg3 c5 6. Nf3 Qc7 7. Nbd2 Nbd7 8. Be2 O-O 9. O-O Bxg3 10. hxg3 e5 11. dxe5 Nxe5 12. Nxe5 Qxe5 13. Nf3 Qe7 14. Qa4 h6 15. Rfd1 Bd7 16. Qa3 Rfe8 17. Bf1 Bg4 18. c4 dxc4 19. Bxc4 a6 20. Be2 Ne4 21. Rac1 b5 22. Qa5 Nxf2 23. Kxf2 Qxe3+ 24. Kf1 Qxe2+ 25. Kg1 Bxf3 26. gxf3 Qxf3 27. Rc3 Qxd1+ 0-1


[Site "https://www.chess.com"]

[Event "Titled Tuesday Blitz February 14 Early 2023"]
[White "Terry, Renato"]
[Black "Tan, Zhongyi"]
[WhiteFideId "3803457"]
[BlackFideId "8603642"]
[WhiteElo "2520"]
[BlackElo "2517"]
[Result "0-1"]
[Round "05"]
[TimeControl "180+2"]
[Date "2023.02.15"]
[WhiteClock "0:00:08"]
[BlackClock "0:00:43"]

1. d4 Nf6 2. Nf3 g6 3. Bg5 Bg7 4. c3 O-O 5. Nbd2 d6 6. e4 h6 7. Bh4 Nc6 8. Bb5 Bd7 9. O-O a6 10. Ba4 b5 11. Bb3 e5 12. dxe5 Nxe5 13. Nxe5 dxe5 14. Qe2 Qe7 15. Bc2 c5 16. Rfd1 Rfd8 17. c4 Qe6 18. f3 Bc6 19. Bb3 b4 20. Nf1 Rxd1 21. Rxd1 Nh5 22. Ne3 Nf4 23. Qd2 Bf6 24. Bf2 Rd8 25. Nd5 Bg5 26. Qe1 Bxd5 27. cxd5 Qd6 28. Bc4 a5 29. Be3 Rc8 30. h4 Bf6 31. g3 g5 32. gxf4 exf4 33. Bc1 Bd4+ 34. Kh2 Qe5 35. Rd2 Kh7 36. Rg2 Rg8 37. d6 g4 38. Rxg4 Rxg4 39. fxg4 f3+ 40. Qg3 Qxe4 41. Qf4 Be5 0-1


[Site "https://www.chess.com"]

[Event "Titled Tuesday Blitz February 14 Early 2023"]
[White "Shimanov, Aleksandr"]
[Black "Taspinar, Yanki"]
[WhiteFideId "4198603"]
[BlackFideId "34561188"]
[WhiteElo "2581"]
[BlackElo "2262"]
[Result "1/2-1/2"]
[Round "05"]
[TimeControl "180+2"]
[Date "2023.02.15"]
[WhiteClock "0:00:03"]
[BlackClock "0:00:01"]

1. e4 e6 2. d4 d5 3. Nc3 dxe4 4. Nxe4 Bd7 5. Nf3 Bc6 6. Bd3 Nd7 7. O-O Ngf6 8. Re1 Nxe4 9. Bxe4 Bxe4 10. Rxe4 Nf6 11. Bg5 Be7 12. Bxf6 Bxf6 13. Qd3 O-O 14. Rd1 Qd6 15. Qb5 Qb6 16. Qxb6 axb6 17. a3 Rfd8 18. c3 Rd5 19. Rde1 Rad8 20. g3 c5 21. dxc5 bxc5 22. a4 Kf8 23. Kg2 Ke7 24. g4 h5 25. h3 g6 26. Kf1 R8d6 27. R4e2 Rb6 28. Ra1 c4 29. Ke1 hxg4 30. hxg4 Ra5 31. Re4 Rxb2 32. Rxc4 Rc2 33. Ra3 b5 34. Rc7+ Kd6 35. Rxf7 Bxc3+ 36. Kd1 b4 37. Kxc2 bxa3 38. Kxc3 Rxa4 39. Rf8 a2 40. Rd8+ Ke7 41. Rd1 a1=Q+ 42. Rxa1 Rxa1 43. Kd3 Ra4 44. Ne5 Kf6 45. Nd7+ Kg5 46. Ne5 Ra5 47. Ke4 Ra4+ 48. Ke3 Kf6 49. Nd7+ Ke7 50. Ne5 g5 51. f3 Kf6 52. Nd7+ Kg6 53. Ne5+ Kg7 54. Ke2 Ra5 55. Nc4 Rc5 56. Nd6 Rd5 57. Ne4 Kf7 58. Ke3 Kg6 59. Ke2 Ra5 60. Ke3 Ra3+ 61. Ke2 Ra5 62. Ke3 Kf7 63. Nd6+ Ke7 64. Ne4 Kd7 65. Nf6+ Kd6 66. Ne4+ Kc6 67. Kd4 Kd7 68. Ke3 Rb5 69. Nf6+ Kc6 70. Ne4 Rd5 71. Nf6 Re5+ 72. Ne4 Kd5 73. Kd3 Kc6 74. Kd4 Rd5+ 75. Ke3 Kb6 76. Nf6 Rb5 77. Ne4 Ka5 78. Nd6 Rd5 79. Ne4 Kb4 80. Nf6 Ra5 81. Kd4 Ra3 82. Ke4 Kc3 83. Nh7 Ra4+ 84. Ke3 Ra5 85. Nf8 Re5+ 86. Kf2 Kd4 87. Nd7 Ra5 88. Nf6 Ra2+ 89. Kg3 Ke3 90. Ne4 Ra5 91. Nd6 Rd5 92. Ne4 Kd4 93. Kf2 Ra5 94. Kg3 Ke3 95. Nf6 Ra8 96. Ne4 Rg8 97. Kg2 Kf4 98. Nf2 Ra8 99. Nh3+ Ke5 100. Nxg5 Rg8 101. Nh3 Kd4 102. Kg3 e5 103. Nf2 Ke3 104. Nd1+ Ke2 105. Nc3+ Kd3 106. Ne4 Ke3 107. g5 Kd4 108. Kg4 Ke3 109. Nf6 Rg7 110. Nh5 Rg8 111. Nf6 Rg7 112. Nh5 Rf7 113. g6 Rf8 114. g7 Rg8 115. Kf5 Kxf3 116. Kxe5 Rxg7 117. Nxg7 1/2-1/2


[Site "https://www.chess.com"]

[Event "Titled Tuesday Blitz February 14 Early 2023"]
[White "Ozates, Tuna"]
[Black "Timofeev, Artyom"]
[WhiteFideId "6354521"]
[BlackFideId "4140419"]
[WhiteElo "2251"]
[BlackElo "2567"]
[Result "0-1"]
[Round "05"]
[TimeControl "180+2"]
[Date "2023.02.15"]
[WhiteClock "0:00:27"]
[BlackClock "0:01:08"]

1. e4 d6 2. d4 Nf6 3. Nc3 g6 4. f4 Bg7 5. Nf3 O-O 6. Be3 c5 7. dxc5 Qa5 8. Bd3 dxc5 9. O-O Ng4 10. Bd2 c4 11. h3 Qc5+ 12. Kh1 cxd3 13. hxg4 dxc2 14. Qxc2 Bxg4 15. e5 Nc6 16. Qa4 Rad8 17. Be1 Qb4 18. Qxb4 Nxb4 19. Bf2 Nd3 20. Bg3 f6 21. b3 Bxf3 22. Rxf3 fxe5 23. fxe5 Rxf3 24. gxf3 Nxe5 25. Nb5 a6 26. Nc7 Nxf3 27. Rb1 Nd4 28. Rd1 e5 29. Kg2 h5 30. Kf2 Kf7 31. Ke3 Nf5+ 0-1


[Site "https://www.chess.com"]

[Event "Titled Tuesday Blitz February 14 Early 2023"]
[White "Nigmatov, Ortik"]
[Black "Demchenko, Anton"]
[WhiteFideId "14202131"]
[BlackFideId "4160258"]
[WhiteElo "2438"]
[BlackElo "2623"]
[Result "0-1"]
[Round "05"]
[TimeControl "180+2"]
[Date "2023.02.15"]
[WhiteClock "0:00:54"]
[BlackClock "0:01:03"]

1. c4 Nf6 2. d3 c6 3. Nf3 d5 4. Nbd2 Nbd7 5. g3 e5 6. Bg2 Bd6 7. O-O O-O 8. e4 dxe4 9. dxe4 a5 10. h3 Nc5 11. Qe2 a4 12. Rd1 Qc7 13. Nh4 Re8 14. Nf1 Ne6 15. Be3 Nd4 16. Bxd4 exd4 17. Rxd4 a3 18. Nf3 Bc5 19. Rdd1 Nxe4 20. Nd4 Qb6 21. Bxe4 Bxd4 22. Bxh7+ Kf8 23. Qd2 axb2 24. Rab1 c5 25. Ne3 Qh6 0-1


[Site "https://www.chess.com"]

[Event "Titled Tuesday Blitz February 14 Early 2023"]
[White "Papasimakopoulos, Alexandros"]
[Black "Predke, Alexandr"]
[WhiteFideId "4244125"]
[BlackFideId "24107581"]
[WhiteElo "2401"]
[BlackElo "2685"]
[Result "0-1"]
[Round "05"]
[TimeControl "180+2"]
[Date "2023.02.15"]
[WhiteClock "0:00:07"]
[BlackClock "0:00:07"]

1. d4 Nf6 2. c4 d6 3. Nf3 Bf5 4. Nc3 Nbd7 5. Nh4 Bg4 6. h3 Bh5 7. g4 Bg6 8. Nxg6 hxg6 9. Bg2 c6 10. d5 cxd5 11. cxd5 Rc8 12. O-O a6 13. e4 Ne5 14. Be3 Nc4 15. Bd4 g5 16. b3 Ne5 17. Rc1 g6 18. Qd2 Bh6 19. h4 gxh4 20. g5 h3 21. f4 hxg2 22. Qxg2 Nd3 23. Rcd1 Rxc3 24. Bxc3 Qb6+ 25. Rf2 Qxf2+ 26. Qxf2 Nxf2 27. Rc1 Nd3 28. Rc2 O-O 29. gxf6 exf6 30. Bxf6 Bxf4 31. Rc7 Nc5 32. Bd4 Nxe4 33. Rxb7 Be5 34. Be3 Rc8 35. Ra7 Rc3 36. Bb6 Rc2 37. Rxa6 Re2 38. b4 Bh2+ 39. Kf1 Ng3# 0-1


[Site "https://www.chess.com"]

[Event "Titled Tuesday Blitz February 14 Early 2023"]
[White "Kamsky, Gata"]
[Black "Korchmar, Vasiliy"]
[WhiteFideId "2000024"]
[BlackFideId "24131750"]
[WhiteElo "2665"]
[BlackElo "2438"]
[Result "1/2-1/2"]
[Round "05"]
[TimeControl "180+2"]
[Date "2023.02.15"]
[WhiteClock "0:00:07"]
[BlackClock "0:00:06"]

1. e4 c5 2. Nf3 d6 3. d4 cxd4 4. Nxd4 Nf6 5. Nc3 Nc6 6. Be2 g6 7. O-O Bg7 8. Be3 O-O 9. Qd2 Bd7 10. f3 Rc8 11. a4 Ne5 12. a5 Nc4 13. Bxc4 Rxc4 14. Rfd1 a6 15. Nde2 Qc8 16. Ra2 Be6 17. b3 Rc6 18. Nd5 Bxd5 19. exd5 Rc7 20. Bb6 Rd7 21. c4 e6 22. dxe6 fxe6 23. Nd4 d5 24. Qe1 dxc4 25. Rc2 e5 26. Rxc4 Qe8 27. Ne2 Rxd1 28. Qxd1 e4 29. fxe4 Ng4 30. Ng3 Kh8 31. Qxg4 Qb5 32. Qd1 h5 33. h3 Qg5 34. Bc7 Qe3+ 35. Kh1 Rf2 36. Bb6 Qxg3 37. Bxf2 Qxf2 38. Rc2 Qe3 39. Re2 Qg3 40. e5 Bxe5 41. Qd8+ Kh7 42. Qe7+ Bg7 43. Qe3 Qd6 44. Qe7 Qd1+ 45. Kh2 Qxb3 46. Rd2 Qc3 47. Rd7 Kh6 48. Rd5 h4 49. Qd6 Qe3 50. Kh1 Qe1+ 51. Kh2 Qe3 52. Kh1 Qe1+ 53. Kh2 Qe3 1/2-1/2


[Site "https://www.chess.com"]

[Event "Titled Tuesday Blitz February 14 Early 2023"]
[White "Kovalenko, Igor"]
[Black "Stoleriu, George"]
[WhiteFideId "14117908"]
[BlackFideId "1227505"]
[WhiteElo "2674"]
[BlackElo "2390"]
[Result "1-0"]
[Round "05"]
[TimeControl "180+2"]
[Date "2023.02.15"]
[WhiteClock "0:00:25"]
[BlackClock "0:00:02"]

1. c4 e5 2. Nc3 Nc6 3. g3 g6 4. Bg2 Bg7 5. d3 d6 6. Rb1 a5 7. a3 f5 8. b4 axb4 9. axb4 Nf6 10. b5 Nd4 11. e3 Ne6 12. Nge2 O-O 13. O-O g5 14. f4 exf4 15. exf4 g4 16. Be3 Re8 17. Qd2 h5 18. Rfe1 Qd7 19. Bf2 Qf7 20. Nd5 Kh7 21. Nec3 Rb8 22. Nxf6+ Bxf6 23. d4 b6 24. Nd5 Bg7 25. Nb4 Bb7 26. Bxb7 Rxb7 27. Nc6 Nd8 28. Rxe8 Qxe8 29. Re1 Qf8 30. Ne7 c5 31. Nd5 Qf7 32. dxc5 dxc5 33. Qc2 Ne6 34. Qe2 Nd4 35. Bxd4 Bxd4+ 36. Kg2 Ra7 37. Qc2 Qg6 38. Re7+ Rxe7 39. Nxe7 Qe8 40. Nxf5 Kg8 41. Nxd4 cxd4 42. Qd3 Qe1 43. f5 Kf7 44. f6 Qe5 45. Qh7+ Kxf6 46. Qh8+ Ke6 47. Qe8+ Kd6 48. Qxe5+ Kxe5 49. Kf2 Ke4 50. c5 Kd5 51. c6 Kd6 52. Ke2 1-0


[Site "https://www.chess.com"]

[Event "Titled Tuesday Blitz February 14 Early 2023"]
[White "Gharibyan, Mamikon"]
[Black "Weetik, Vjacheslav"]
[WhiteFideId "13308300"]
[BlackFideId "4153472"]
[WhiteElo "2500"]
[BlackElo "2423"]
[Result "1-0"]
[Round "05"]
[TimeControl "180+2"]
[Date "2023.02.15"]
[WhiteClock "0:00:17"]
[BlackClock "0:00:02"]

1. e4 c6 2. Nf3 d5 3. d3 g6 4. e5 c5 5. d4 cxd4 6. Qxd4 Nc6 7. Bb5 Nh6 8. Nc3 e6 9. Bg5 Nf5 10. Bxd8 Nxd4 11. Nxd4 Kxd8 12. Bxc6 bxc6 13. Nxc6+ Kd7 14. Nd4 Bg7 15. f4 g5 16. g3 f6 17. Nf3 fxe5 18. Nxe5+ Bxe5 19. fxe5 Rf8 20. O-O-O Rf5 21. Rhe1 Ke7 22. Nb5 Bd7 23. Nd4 Rf2 24. Rd2 Raf8 25. Rxf2 Rxf2 26. Re2 Rf1+ 27. Kd2 h6 28. Kc3 Be8 29. Kb4 Kd7 30. Kc5 Bh5 31. Re3 Rf2 32. h4 g4 33. a4 Bg6 34. Rb3 Bxc2 35. Rb7+ Kc8 36. Rxa7 Bf5 37. b4 Rg2 38. Nc6 1-0


[Site "https://www.chess.com"]

[Event "Titled Tuesday Blitz February 14 Early 2023"]
[White "Molina, Roberto Junio Brito"]
[Black "Iskusnyh, Sergei"]
[WhiteFideId "2109450"]
[BlackFideId "4120027"]
[WhiteElo "2403"]
[BlackElo "2440"]
[Result "0-1"]
[Round "05"]
[TimeControl "180+2"]
[Date "2023.02.15"]
[WhiteClock "0:00:55"]
[BlackClock "0:00:23"]

1. d4 d5 2. c4 c6 3. Nf3 Nf6 4. Nc3 e6 5. Bg5 Be7 6. e3 Nbd7 7. Bd3 h6 8. Bh4 O-O 9. O-O dxc4 10. Bxc4 b5 11. Bd3 Bb7 12. Qe2 b4 13. Na4 c5 14. dxc5 Nxc5 15. Nxc5 Bxc5 16. Rac1 Be7 17. Ba6 Qb6 18. Bxb7 Qxb7 19. Rc4 Rac8 20. Rfc1 a5 21. h3 Rfd8 22. Qc2 Rxc4 23. Qxc4 Nd5 24. Bxe7 Nxe7 25. Qc7 Qxc7 26. Rxc7 Rd1+ 27. Kh2 Nd5 28. Ra7 Rb1 29. Rxa5 Rxb2 30. Kg3 Nc3 31. Ne5 Ne4+ 32. Kf3 f5 33. Nd3 Rd2 34. Ra8+ Kf7 35. Rd8 Ke7 36. Rd4 g5 37. g4 e5 38. Rxe4 fxe4+ 39. Kxe4 Rxa2 40. Kxe5 b3 0-1


[Site "https://www.chess.com"]

[Event "Titled Tuesday Blitz February 14 Early 2023"]
[White "Ter-Sahakyan, Samvel"]
[Black "Tan, Jun Ying"]
[WhiteFideId "13302531"]
[BlackFideId "5710413"]
[WhiteElo "2617"]
[BlackElo "2307"]
[Result "1-0"]
[Round "05"]
[TimeControl "180+2"]
[Date "2023.02.15"]
[WhiteClock "0:00:10"]
[BlackClock "0:00:05"]

1. d4 Nf6 2. c4 c5 3. d5 e6 4. Nc3 exd5 5. cxd5 d6 6. e4 g6 7. f4 Bg7 8. Bb5+ Nfd7 9. a4 O-O 10. Nf3 Na6 11. O-O Nb4 12. h3 a6 13. Bd3 Nxd3 14. Qxd3 Qc7 15. Be3 Rb8 16. a5 b5 17. axb6 Rxb6 18. Qd2 Rb4 19. f5 Ne5 20. Nxe5 Bxe5 21. Bf4 Qe7 22. Rae1 f6 23. Bxe5 Qxe5 24. Kh1 g5 25. Re3 Bd7 26. Qf2 Rfb8 27. Re2 Bb5 28. Nxb5 R8xb5 29. Ra1 Rxb2 30. Rxb2 Qxb2 31. Qxb2 Rxb2 32. Rxa6 Re2 33. Rxd6 Rxe4 34. Rxf6 Re5 35. d6 Rd5 36. Re6 Kf7 37. g4 h5 38. Re7+ Kf6 39. Re6+ Kf7 40. Kg2 hxg4 41. hxg4 Rd4 42. Kf3 c4 43. Re4 Rd3+ 44. Re3 Rxd6 45. Ke4 Kf6 46. Rc3 Rc6 47. Kd5 Rc8 48. Rxc4 Rd8+ 49. Ke4 Re8+ 50. Kf3 Kf7 51. Rc7+ Kf6 52. Rc6+ Ke5 53. Rg6 Ra8 54. Rxg5 Ra3+ 55. Ke2 Kf4 56. Rg6 Ra2+ 57. Kd3 Ra3+ 58. Kc4 Ra4+ 59. Kb3 Re4 60. f6 Ke5 61. g5 Kf5 62. Rg7 Re8 63. f7 Rf8 64. g6 Kf6 65. Rg8 Ke7 66. Rxf8 Kxf8 67. Kc4 1-0


[Site "https://www.chess.com"]

[Event "Titled Tuesday Blitz February 14 Early 2023"]
[White "Carnicelli, Valerio"]
[Black "Ibarra Jerez, Jose Carlos"]
[WhiteFideId "856185"]
[BlackFideId "2226332"]
[WhiteElo "2370"]
[BlackElo "2563"]
[Result "1-0"]
[Round "05"]
[TimeControl "180+2"]
[Date "2023.02.15"]
[WhiteClock "0:00:52"]
[BlackClock "0:00:14"]

1. e4 c5 2. Nf3 Nc6 3. d4 cxd4 4. Nxd4 e5 5. Nb5 d6 6. N1c3 a6 7. Na3 Be6 8. Nd5 Rb8 9. Nc4 b5 10. Nce3 Nf6 11. Bd3 g6 12. O-O Bg7 13. c3 O-O 14. a4 b4 15. Nxf6+ Bxf6 16. Bxa6 bxc3 17. bxc3 Qa5 18. Bb5 Rxb5 19. axb5 Qxa1 20. bxc6 Qxc3 21. Nd5 Bxd5 22. exd5 Qc4 23. Bh6 Ra8 24. Qd2 Ra2 25. Qc1 Rc2 26. Qb1 Bd8 27. Qb8 Qh4 28. Qxd6 Qe7 29. Qxe7 Bxe7 30. Rc1 Rxc1+ 31. Bxc1 Bd6 32. Ba3 1-0


[Site "https://www.chess.com"]

[Event "Titled Tuesday Blitz February 14 Early 2023"]
[White "Makarian, Rudik"]
[Black "Koellner, Ruben Gideon"]
[WhiteFideId "44105681"]
[BlackFideId "12993093"]
[WhiteElo "2545"]
[BlackElo "2426"]
[Result "1-0"]
[Round "05"]
[TimeControl "180+2"]
[Date "2023.02.15"]
[WhiteClock "0:00:24"]
[BlackClock "0:00:04"]

1. d4 d6 2. Nf3 Nf6 3. c4 g6 4. Nc3 Bf5 5. Qb3 b6 6. h3 c5 7. g4 Bd7 8. Bg2 Nc6 9. d5 Nd4 10. Qd1 Nxf3+ 11. exf3 Bg7 12. O-O O-O 13. f4 h5 14. g5 Ne8 15. Re1 Bh8 16. Qe2 Ng7 17. b3 Nf5 18. Bb2 Re8 19. Kh2 a6 20. a4 Rb8 21. Be4 Qc8 22. Bxf5 Bxf5 23. Qf3 b5 24. axb5 axb5 25. cxb5 Rb7 26. Re2 Bd7 27. Rae1 Kf8 28. Ne4 Bxb2 29. Rxb2 Rxb5 30. Qc3 Kg8 31. Rbe2 Rb7 32. Re3 1-0


[Site "https://www.chess.com"]

[Event "Titled Tuesday Blitz February 14 Early 2023"]
[White "Manukyan, Sargis A."]
[Black "Rakhmanov, Aleksandr"]
[WhiteFideId "13303970"]
[BlackFideId "4173708"]
[WhiteElo "2158"]
[BlackElo "2632"]
[Result "1-0"]
[Round "05"]
[TimeControl "180+2"]
[Date "2023.02.15"]
[WhiteClock "0:00:29"]
[BlackClock "0:00:06"]

1. d4 Nf6 2. c4 d6 3. Nf3 g6 4. Nc3 Bf5 5. Bf4 Bg7 6. h3 Ne4 7. Nxe4 Bxe4 8. e3 c5 9. Be2 Qa5+ 10. Qd2 Qxd2+ 11. Kxd2 Nc6 12. d5 Na5 13. Kc1 a6 14. Rg1 b5 15. Nd2 Bf5 16. cxb5 axb5 17. Bxb5+ Bd7 18. Bxd7+ Kxd7 19. Kc2 Rhb8 20. Rgb1 c4 21. e4 Rb5 22. a4 Rb7 23. Ra2 Nb3 24. Be3 Rc8 25. a5 c3 26. bxc3 Rxc3+ 27. Kd1 Nxa5 28. Rxa5 Rxb1+ 29. Nxb1 Rb3 30. Ra7+ Ke8 31. Nd2 Rb2 32. Ke2 f5 33. f3 Bf6 34. Kd3 Rb5 35. g4 fxg4 36. hxg4 h5 37. gxh5 gxh5 38. Ra8+ Kf7 39. Bd4 Bxd4 40. Kxd4 Rb2 41. Ke3 Rb4 42. Rh8 Kg6 43. Kf4 Rb2 44. Nf1 Rf2 45. Ng3 Rh2 46. Nf5 Kf6 47. Rh6+ Kf7 48. Rh7+ Kf6 49. Rxe7 h4 50. Re6+ Kf7 51. Rxd6 h3 52. Rh6 Rh1 53. Kg3 Rg1+ 54. Kxh3 Kg8 55. Rh4 Kf7 56. Rg4 Rh1+ 57. Kg3 Kf6 58. Kf4 Ra1 59. e5+ Kf7 60. Rg7+ Kf8 61. Rb7 Ra4+ 62. Kg5 Ke8 63. Kf6 Kd8 64. Rh7 Ke8 65. e6 Kd8 66. d6 Kc8 67. Rh8+ Kb7 68. d7 Rd4 69. d8=Q 1-0


[Site "https://www.chess.com"]

[Event "Titled Tuesday Blitz February 14 Early 2023"]
[White "Domingo Nunez, Ruben"]
[Black "Pichot, Alan"]
[WhiteFideId "22245570"]
[BlackFideId "110973"]
[WhiteElo "2416"]
[BlackElo "2638"]
[Result "1-0"]
[Round "05"]
[TimeControl "180+2"]
[Date "2023.02.15"]
[WhiteClock "0:00:09"]
[BlackClock "0:00:02"]

1. b3 Nf6 2. Bb2 b6 3. Nf3 g6 4. g3 Bg7 5. Bg2 Bb7 6. O-O O-O 7. c4 c5 8. Nc3 d5 9. Nxd5 Nxd5 10. Bxg7 Kxg7 11. cxd5 Qxd5 12. d4 Na6 13. Nh4 Qd7 14. dxc5 Qxd1 15. Rfxd1 Bxg2 16. Nxg2 Nxc5 17. b4 Ne4 18. Rd7 e6 19. Nf4 Kf6 20. Rc1 Rfd8 21. Rcc7 Rxd7 22. Rxd7 Nc3 23. h4 Nxa2 24. Nd3 a5 25. g4 h6 26. g5+ hxg5 27. hxg5+ Kxg5 28. bxa5 bxa5 29. Rxf7 a4 30. f4+ Kh6 31. Ne5 a3 32. Kg2 g5 33. Rf6+ Kg7 34. Rg6+ Kh7 35. fxg5 Nc3 36. Rh6+ Kg7 37. Rg6+ Kf8 38. Rf6+ Ke7 39. Rf7+ Kd6 40. Nc4+ Kd5 41. Nb6+ Kc6 42. Nxa8 Nb5 43. Rf1 Nd4 44. g6 Nf5 45. Ra1 1-0


[Site "https://www.chess.com"]

[Event "Titled Tuesday Blitz February 14 Early 2023"]
[White "Pajeken, Jakob Leon"]
[Black "Boros, Denes"]
[WhiteFideId "12942839"]
[BlackFideId "722340"]
[WhiteElo "2417"]
[BlackElo "2406"]
[Result "0-1"]
[Round "05"]
[TimeControl "180+2"]
[Date "2023.02.15"]
[WhiteClock "0:00:20"]
[BlackClock "0:00:29"]

1. d4 g6 2. e4 d5 3. exd5 Qxd5 4. Nc3 Qd6 5. Nge2 Bg7 6. Bf4 Qd8 7. Qd2 c6 8. O-O-O Be6 9. d5 cxd5 10. Nd4 Nf6 11. Bb5+ Bd7 12. Bxd7+ Nbxd7 13. Ndb5 O-O 14. Nxd5 Nxd5 15. Qxd5 Nf6 16. Qxb7 Qa5 17. Kb1 a6 18. Nc3 Nh5 19. Rd5 Qxc3 20. bxc3 Nxf4 21. Kc1 Rab8 22. Rd7 Ne2+ 23. Kd2 Rxb7 24. Rxb7 Nxc3 25. Rxe7 Rd8+ 26. Kc1 Nxa2+ 27. Kb1 Nc3+ 28. Kc1 a5 29. Ra7 a4 30. Re1 Bf6 31. f4 h5 32. g3 Kg7 33. Re3 Rd1+ 0-1


[Site "https://www.chess.com"]

[Event "Titled Tuesday Blitz February 14 Early 2023"]
[White "Al-Tarboush, Ward"]
[Black "Avinash, Ramesh"]
[WhiteFideId "7601450"]
[BlackFideId "45018340"]
[WhiteElo "2256"]
[BlackElo "2319"]
[Result "0-1"]
[Round "05"]
[TimeControl "180+2"]
[Date "2023.02.15"]
[WhiteClock "0:00:58"]
[BlackClock "0:01:50"]

1. e4 e6 2. d4 d5 3. exd5 exd5 4. Bd3 Nc6 5. Nf3 Bd6 6. O-O Nge7 7. c3 O-O 8. Nbd2 Bf5 9. Bxf5 Nxf5 10. Re1 Qf6 11. Nf1 h6 12. Ng3 Rae8 13. Rxe8 Rxe8 14. Bd2 Bxg3 15. hxg3 Nd6 16. Bf4 Ne4 17. Bxc7 g5 18. Qc2 Qe7 19. Be5 f6 20. Qb3 Qf7 21. Bc7 Qxc7 22. Qxd5+ Qf7 23. Qf5 Nd6 24. Qd3 f5 25. Rd1 Qd5 26. b3 Qe4 27. Qd2 Qe2 28. Qc1 Ne4 29. Rf1 Qxa2 30. d5 Na5 31. Qe3 Nxb3 32. d6 Nbc5 33. Nd4 Nxd6 34. Qf3 Qf7 35. Rd1 Nce4 36. g4 fxg4 37. Qe3 Nc4 38. Qe2 Nxc3 39. Qxg4 Nxd1 40. Nf5 Re1+ 41. Kh2 Rh1+ 42. Kg3 Qc7+ 43. Kf3 Qf4+ 0-1


[Site "https://www.chess.com"]

[Event "Titled Tuesday Blitz February 14 Early 2023"]
[White "Gjestemoen-VonHirsch, Andre"]
[Black "Kilic, Eray"]
[WhiteFideId "1539531"]
[BlackFideId "44517173"]
[WhiteElo "2314"]
[BlackElo "2414"]
[Result "1-0"]
[Round "05"]
[TimeControl "180+2"]
[Date "2023.02.15"]
[WhiteClock "0:00:24"]
[BlackClock "0:00:16"]

1. d4 Nf6 2. Bf4 g6 3. Nc3 d5 4. e3 c6 5. h4 h5 6. Be2 Bg7 7. Nf3 Nbd7 8. Qd2 b5 9. a3 a5 10. b3 Bb7 11. Ng5 Qc8 12. Bf3 Nf8 13. O-O Ne6 14. Nxe6 Qxe6 15. Be5 O-O 16. Rfe1 Rfd8 17. Ne2 c5 18. Nf4 Qf5 19. Qe2 Bc6 20. c4 bxc4 21. bxc4 e6 22. Rab1 Ne4 23. Bxg7 Kxg7 24. cxd5 exd5 25. dxc5 Rab8 26. Qd3 Qf6 27. Qd4 Nc3 28. Qxf6+ Kxf6 29. Rb6 Rxb6 30. cxb6 Na4 31. Rb1 Bb7 32. Rb5 Rd6 33. Bxd5 Nc3 34. Bxb7 Nxb5 35. Ba6 Na7 36. b7 Nc6 37. Bb5 Nb8 38. Ne2 Rb6 39. a4 Rxb7 40. Nc3 Rc7 41. Nd5+ Ke5 42. Nxc7 Kd6 43. Na6 Nxa6 44. Bxa6 Kc5 45. Bb5 Kb4 46. Kf1 f6 47. Ke2 Kc3 48. Kf3 Kb4 49. e4 Kc5 50. Kf4 Kd4 51. g3 Kc5 52. e5 f5 53. Kg5 Kd5 54. f4 Ke4 55. Kxg6 Kf3 56. Kxh5 Kxg3 57. Kg5 Kf3 58. Kxf5 Kg3 59. e6 Kxh4 60. e7 Kg3 61. e8=Q Kf2 62. Qe2+ Kg1 63. Qf1+ Kh2 64. Qf2+ Kh3 65. Bf1# 1-0


[Site "https://www.chess.com"]